 Dungeon Crawl Stone Soup version 0.29.0-11-gd7f09526c8 (webtiles) character file.

Game seed: 1408335393170141835

102 xian the Sneak (level 4, -4/29 HPs)
             Began as an Octopode Brigand on Sept 3, 2022.
             Was a Believer of Vehumet.
             Slain by Sigmund
             ... wielding a +0 scythe
              (7 damage)
             ... on level 3 of the Dungeon.
             The game lasted 00:06:01 (2688 turns).

xian the Sneak (Octopode Brigand)                   Turns: 2688, Time: 00:06:02

Health: -4/29      AC:  1    Str: 12    XL:     4   Next: 77%
Magic:  13/13      EV: 12    Int: 13    God:    Vehumet [**....]
Gold:   84         SH:  0    Dex: 13    Spells: 3/4 levels left

rFire   . . .      SeeInvis .   a - +2 dagger
rCold   . . .      Faith    .   (no shield)
rNeg    . . .      Spirit   .   (helmet restricted)
rPois   .          Reflect  .   (no amulet)
rElec   .          Harm     .   l - ring of resist corrosion
rCorr   +          Rampage  .   m - ring of magical power
Will    .....                   (no ring)
Stlth   ++++......              (no ring)
HPRegen 0.09/turn               (no ring)
MPRegen 0.13/turn               (no ring)
                                (no ring)
                                (no ring)

@: no status effects
A: almost no armour, amphibious, 8 rings, camouflage 1, gelatinous body 1,
(nimble swimmer 1), tentacles
a: Renounce Religion


You were on level 3 of the Dungeon.
You worshipped Vehumet.
Vehumet was pleased with you.
You visited 1 branch of the dungeon, and saw 3 of its levels.

You collected 84 gold pieces.

Inventory:

Hand Weapons
 a - a +2 dagger (weapon)
Missiles
 b - 11 poisoned darts
 c - a curare-tipped dart
 n - 5 javelins
Armour
 e - an orb of mayhem
Magical Staves
 g - a staff of death
Jewellery
 l - a ring of resist corrosion (left tentacle)
 m - a ring of magical power (right tentacle)
 p - a ring of protection from cold
Wands
 o - a wand of digging (5)
Scrolls
 f - 5 scrolls of teleportation {unknown}
 h - 4 scrolls of enchant armour {unknown}
 k - 2 scrolls of identify {unknown}
Potions
 d - a potion of flight {unknown}
 i - a potion of cancellation {unknown}


   Skills:
 + Level 2.1 Fighting
 + Level 2.7 Short Blades
 + Level 2.3 Throwing
 + Level 1.1 Dodging
 + Level 7.1 Stealth
 + Level 0.6 Spellcasting
 + Level 0.2 Earth Magic


You had 3 spell levels left.
You knew the following spells:

 Your Spells              Type           Power      Damage    Failure   Level
a - Sandblast             Erth           2%         2d4       26%         1

Your spell library contained the following spells:

 Spells                   Type           Power      Damage    Failure   Level
 Magic Dart               Conj           0%         1d3       30%         1
 Gell's Gravitas          Tloc           0%         N/A       65%         3
 Teleport Other           Tloc           0%         N/A       65%         3
 Dispersal                Tloc           0%         N/A       100%        6


Dungeon Overview and Level Annotations

Branches:
Dungeon (3/15)

Altars:
Vehumet

Annotations:
D:3 Sigmund


Innate Abilities, Weirdness & Mutations

You cannot wear most types of armour.
You are amphibious.
You can wear up to eight rings at the same time.
Your skin changes colour to match your surroundings (Stealth+).
Your rubbery body absorbs attacks. (AC +1, EV +1)
((You are camouflaged when in or above water. (Stealth+)))
You have tentacles for arms and can constrict up to eight enemies at once.


Message History

You kill the rat!
Vehumet accepts your kill. Sigmund barely misses you.
You see here a rat corpse.
The rat attacks as you move away! The rat barely misses you.
You completely miss the rat. You grab the rat. You constrict the rat.
The rat barely misses you.
You release your grip on the rat.
The rat attacks as you move away! The rat bites you.
Sigmund casts a spell.
Sigmund flickers and vanishes!
Deactivating autopickup; reactivate with Ctrl-A.
You barely miss the rat. You grab the rat.
The rat is heavily wounded.
You constrict the rat.
You kill the rat!
Vehumet accepts your kill.
A magic dart appears from out of thin air!
The magic dart hits you!
Throw: 3 darts (curare)
Press: ? - help, Q - select action, (/) - cycle Shift-Dir - straight line You throw a curare-tipped dart.
Unknown command.
Throw: 2 darts (curare)
Press: ? - help, Q - select action, (/) - cycle Shift-Dir - straight line You throw a curare-tipped dart.
Unknown command.
Something hits you.
You see here a rat corpse.
You barely miss something. You hit something. Your squeeze misses something.
Something hits you!
* * * LOW HITPOINT WARNING * * *
You hit something.
You feel better.
You miss something. Something hits you!
* * * LOW HITPOINT WARNING * * *
You hit something but do no damage. You hit something but do no damage.
Your squeeze misses something. Something hits you!
You die...

#...... #..(..#
#...$.#
...##.....#
..##
#.......##."...
#†..#...#
#{#.....## #†#
......
#@##......
#....#.##
##..## #
#######..#
#........# #
..#####.###.#
..####.......#
.............#
#######.####[#


There were no monsters in sight!

Vanquished Creatures
  An adder (D:2)
  2 worms (D:2)
  3 dart slugs
  An orc (D:3)
  5 endoplasms
  17 giant cockroaches
  6 goblins
  5 hobgoblins (D:1)
  4 jackals (D:2)
  3 quokkas
  4 ball pythons
  6 bats
  4 frilled lizards
  4 kobolds (D:2)
  6 rats
71 creatures vanquished.

Vanquished Creatures (others)
  4 withered plants (D:1)
4 creatures vanquished.

Grand Total: 75 creatures vanquished

Notes
Turn   | Place    | Note
-------+----------+-------------------------------------------
     0 | D:1      | xian the Octopode Brigand began the quest for the Orb.
     0 | D:1      | Reached XP level 1. HP: 14/14 MP: 1/1
   310 | D:1      | Reached XP level 2. HP: 19/19 MP: 2/2
   511 | D:1      | Reached skill level 6 in Stealth
   654 | D:1      | Reached XP level 3. HP: 15/24 MP: 3/3
   878 | D:1      | Found a faded altar of an unknown god.
   922 | D:1      | Prayed at the altar of an unknown god.
   922 | D:1      | Became a worshipper of Vehumet
   922 | D:1      | Reached * piety under Vehumet
   922 | D:1      | Offered knowledge of Sandblast by Vehumet.
   933 | D:1      | Learned a level 1 spell: Sandblast
  1683 | D:2      | Reached XP level 4. HP: 27/29 MP: 1/4
  2072 | D:2      | Reached ** piety under Vehumet
  2171 | D:3      | Offered knowledge of Magic Dart by Vehumet.
  2389 | D:3      | Reached skill level 7 in Stealth
  2668 | D:3      | Noticed Sigmund
  2688 | D:3      | Slain by Sigmund

Illustrated notes

Levels and vault maps discovered:
D:1:      dpeg_arrival_arbitrary_a, layout_basic,
          shapermc_ecumenical_altar_flowoftime
D:2:      minmay_wonky_spiral, layout_rooms
D:3:      minmay_roachtagon, layout_rooms, ebering_ghost_reflecting_pool,
          st_stairs_9, minmay_misc_feat_diagonals, uniq_sigmund

Skill      XL: |  1  2  3  4 |
---------------+-------------+-----
Stealth        | 6 7 |  7.1
Fighting       | |  2.1
Short Blades   | |  2.7
Throwing       | |  2.3
Dodging        | |  1.1
Spellcasting   | |  0.6
Earth Magic    | |  0.2

Action                   |  1- 3 |  4- 6 || total
-------------------------+-------+-------++-------
Melee: Dagger            |    94 |    66 ||   160
       Constrict         |    22 |    19 ||    41
       Tentacles         |    18 |    15 ||    33
       Punch             |     1 |       ||     1
Throw: Dart              |     1 |     2 ||     3
 Cast: Sandblast         |     3 |     5 ||     8
  Use: Potion            |       |     2 ||     2
 Stab: Sleeping          |     8 |     8 ||    16
Armor: Skin              |    22 |    11 ||    33
Dodge: Dodged            |    58 |    70 ||   128
